TOP OF THE 1ST |
Overland Park HS Triplets batting - Pitching for John Jay HS Patriots : RHP Dusty Smith
|
Pitching: RHP Dusty Smith
|
|
Batting: LHB John Washington
|
0-0: Called Strike 0-1: Ball 1-1: Called Strike 1-2: Foul Ball, location: 2F 1-2: Foul Ball, location: 2F 1-2: Strikes out looking
|
Batting: LHB Jack Davis
|
0-0: Ball 1-0: Foul Ball, location: 2F 1-1: SINGLE (Groundball, 5D)
|
Batting: RHB Edgardo Morales
|
0-0: Called Strike 0-1: Ball 1-1: Swinging Strike 1-2: Ball 2-2: Foul Ball, location: 2F 2-2: Reached on error, E1 (Groundball, 13) Jack Davis to second
|
Batting: RHB Simon Plante
|
0-0: Ball 1-0: Called Strike 1-1: Called Strike 1-2: Fielders Choice at 2nd, 5-4 (Groundball, 56) Jack Davis to third
|
Batting: RHB T.J. Kaufman
|
0-0: Ball 1-0: Ball 2-0: Called Strike 2-1: Fielders Choice at 2nd, U4 (Groundball, 4M)
|
Top of the 1st over - 0 run(s), 1 hit(s), 1 error(s), 2 left on base; Overland Park HS 0 - John Jay HS 0 |
BOTTOM OF THE 1ST |
John Jay HS Patriots batting - Pitching for Overland Park HS Triplets : RHP Danny Anderson
|
Pitching: RHP Danny Anderson
|
|
Now in CF: Felipe Berrios
|
|
Batting: SHB Theodore Cook
|
0-0: Ball 1-0: TRIPLE (Line Drive, 9M)
|
Batting: RHB Carlos Salas
|
0-0: Ball 1-0: Ball 2-0: Ball 3-0: Base on Balls
|
Batting: RHB Esteban Concepción
|
0-0: Ball 1-0: SINGLE (Line Drive, 8LS) Theodore Cook scores Carlos Salas to second
|
Batting: RHB Micheal Banks
|
0-0: Ball 1-0: Foul Ball, location: 2F 1-1: Ball 2-1: Foul Ball, location: 2F 2-2: Foul Ball, location: 2F 2-2: Foul Ball, location: 2F 2-2: Ball 3-2: Base on Balls Carlos Salas to third Esteban Concepción to second
|
Batting: RHB Marlon Hernández
|
0-0: Grounds into double play, 4-6-3 (Groundball, 4) Carlos Salas scores Esteban Concepción to third
|
Batting: RHB Jason Taylor
|
0-0: Called Strike 0-1: Foul Ball, location: 2F 0-2: Ball 1-2: Strikes out looking
|
Bottom of the 1st over - 2 run(s), 2 hit(s), 0 error(s), 1 left on base; Overland Park HS 0 - John Jay HS 2 |
TOP OF THE 2ND |
Overland Park HS Triplets batting - Pitching for John Jay HS Patriots : RHP Dusty Smith
|
Batting: RHB Ben Simpson
|
0-0: Ball 1-0: Swinging Strike 1-1: Foul Ball, location: 2F 1-2: Foul Ball, location: 2F 1-2: Foul Ball, location: 2F 1-2: Strikes out swinging
|
Batting: RHB Lorne McClain
|
0-0: Called Strike 0-1: Ball 1-1: Ball 2-1: Ball 3-1: Called Strike 3-2: Strikes out swinging
|
Batting: RHB Nicolas Fillion
|
0-0: Foul Ball, location: 2F 0-1: SINGLE (Groundball, 15S) (infield hit)
|
Batting: RHB Preston Church
|
0-0: Called Strike 0-1: Ground out 6-3 (Groundball, 6)
|
Top of the 2nd over - 0 run(s), 1 hit(s), 0 error(s), 1 left on base; Overland Park HS 0 - John Jay HS 2 |
BOTTOM OF THE 2ND |
John Jay HS Patriots batting - Pitching for Overland Park HS Triplets : RHP Danny Anderson
|
Batting: RHB Robert Porter
|
0-0: Swinging Strike 0-1: Foul Ball, location: 2F 0-2: Ground out 5-3 (Groundball, 56)
|
Batting: LHB Tim Griffith
|
0-0: Ball 1-0: Foul Ball, location: 2F 1-1: Swinging Strike 1-2: Ground out 4-3 (Groundball, 34)
|
Batting: SHB Karl Webster
|
0-0: Called Strike 0-1: SINGLE (Groundball, 4M)
|
Batting: SHB Theodore Cook
|
0-0: Called Strike 0-1: Ball 1-1: Swinging Strike 1-2: Strikes out swinging
|
Bottom of the 2nd over - 0 run(s), 1 hit(s), 0 error(s), 1 left on base; Overland Park HS 0 - John Jay HS 2 |
TOP OF THE 3RD |
Overland Park HS Triplets batting - Pitching for John Jay HS Patriots : RHP Dusty Smith
|
Batting: RHB Felipe Berrios
|
0-0: Ball 1-0: Called Strike 1-1: Swinging Strike 1-2: Strikes out swinging
|
Batting: LHB Jack Davis
|
0-0: Ball 1-0: Ground out U3 (Groundball, 3)
|
Batting: RHB Edgardo Morales
|
0-0: SINGLE (Line Drive, 6)
|
Batting: RHB Simon Plante
|
0-0: Ball 1-0: Called Strike 1-1: Foul Ball, location: 2F 1-2: Strikes out swinging
|
Top of the 3rd over - 0 run(s), 1 hit(s), 0 error(s), 1 left on base; Overland Park HS 0 - John Jay HS 2 |
BOTTOM OF THE 3RD |
John Jay HS Patriots batting - Pitching for Overland Park HS Triplets : RHP Danny Anderson
|
Batting: RHB Carlos Salas
|
0-0: SOLO HOME RUN (Flyball, 7D), Distance : 402 ft
|
Batting: RHB Esteban Concepción
|
0-0: Called Strike 0-1: Foul Ball, location: 2F 0-2: Strikes out swinging
|
Batting: RHB Micheal Banks
|
0-0: DOUBLE (Line Drive, 7D)
|
Batting: RHB Marlon Hernández
|
0-0: Fly out, F7 (Line Drive, 7M)
|
Batting: RHB Jason Taylor
|
0-0: Called Strike 0-1: Ball 1-1: SINGLE (Popup, 6MD) Micheal Banks to third Runner from 3rd tries for Home, SAFE, no throw or cutoff
|
Batting: RHB Robert Porter
|
0-0: Ball 1-0: Called Strike 1-1: Ball 2-1: SINGLE (Line Drive, 4D) Jason Taylor to second
|
Batting: LHB Tim Griffith
|
0-0: Fly out, F9 (Flyball, 89M)
|
Bottom of the 3rd over - 2 run(s), 4 hit(s), 0 error(s), 2 left on base; Overland Park HS 0 - John Jay HS 4 |
TOP OF THE 4TH |
Overland Park HS Triplets batting - Pitching for John Jay HS Patriots : RHP Dusty Smith
|
Batting: RHB T.J. Kaufman
|
0-0: Ball 1-0: Foul Ball, location: 2F 1-1: Foul Ball, location: 2F 1-2: Foul Ball, location: 2F 1-2: Strikes out swinging
|
Batting: RHB Ben Simpson
|
0-0: Foul Ball, location: 2F 0-1: Called Strike 0-2: Strikes out swinging
|
Batting: RHB Lorne McClain
|
0-0: DOUBLE (Groundball, 5L)
|
Batting: RHB Nicolas Fillion
|
0-0: Called Strike 0-1: Ball 1-1: Ball 2-1: 2-RUN HOME RUN (Flyball, 8LXD), Distance : 446 ft
|
Batting: RHB Preston Church
|
0-0: Fly out, F9 (Flyball, 9M)
|
Top of the 4th over - 2 run(s), 2 hit(s), 0 error(s), 0 left on base; Overland Park HS 2 - John Jay HS 4 |
BOTTOM OF THE 4TH |
John Jay HS Patriots batting - Pitching for Overland Park HS Triplets : RHP Danny Anderson
|
Batting: SHB Karl Webster
|
0-0: Fly out, F9 (Line Drive, 9M)
|
Batting: SHB Theodore Cook
|
0-0: Bunt for hit - play at first, batter OUT! 2-3
|
Batting: RHB Carlos Salas
|
0-0: Fly out, F3 (Popup, 34)
|
Bottom of the 4th over - 0 run(s), 0 hit(s), 0 error(s), 0 left on base; Overland Park HS 2 - John Jay HS 4 |
TOP OF THE 5TH |
Overland Park HS Triplets batting - Pitching for John Jay HS Patriots : RHP Dusty Smith
|
Batting: RHB Felipe Berrios
|
0-0: Called Strike 0-1: Ground out 2-3 (Groundball, 25)
|
Batting: LHB Jack Davis
|
0-0: Ball 1-0: Called Strike 1-1: Ball 2-1: Ground out 4-3 (Groundball, 4)
|
Batting: RHB Edgardo Morales
|
0-0: Called Strike 0-1: Ball 1-1: Fly out, F5 (Popup, 56S)
|
Top of the 5th over - 0 run(s), 0 hit(s), 0 error(s), 0 left on base; Overland Park HS 2 - John Jay HS 4 |
BOTTOM OF THE 5TH |
John Jay HS Patriots batting - Pitching for Overland Park HS Triplets : RHP Danny Anderson
|
Batting: RHB Esteban Concepción
|
0-0: Ball 1-0: Foul Ball, location: 2F 1-1: Ball 2-1: Swinging Strike 2-2: DOUBLE (Line Drive, 89M)
|
Batting: RHB Micheal Banks
|
0-0: Intentional Walk
|
Batting: RHB Marlon Hernández
|
0-0: Ball 1-0: SINGLE (Groundball, 4MD) Esteban Concepción to third Micheal Banks to second Runner from 3rd tries for Home, SAFE, throw made home Micheal Banks to third Marlon Hernández to second
|
Batting: RHB Jason Taylor
|
0-0: Intentional Walk
|
Batting: RHB Robert Porter
|
0-0: Called Strike 0-1: Ball 1-1: Fly out, F7 (Line Drive, 7S)
|
Batting: LHB Tim Griffith
|
0-0: Ball 1-0: Called Strike 1-1: SINGLE (Line Drive, 8RS) Micheal Banks scores Marlon Hernández to third Jason Taylor to second Runner from 3rd tries for Home, SAFE, throw made home Jason Taylor to third Tim Griffith to second
|
Pitching: RHP Will Shelley
|
|
Batting: SHB Karl Webster
|
0-0: Foul Ball, location: 2F 0-1: Ball 1-1: Ball 2-1: Ball 3-1: Base on Balls
|
Batting: SHB Theodore Cook
|
0-0: Foul Ball, location: 2F 0-1: Ball 1-1: Ball 2-1: Swinging Strike 2-2: Strikes out swinging
|
Batting: RHB Carlos Salas
|
0-0: Fielders Choice at 2nd, 5-4 (Groundball, 5)
|
Bottom of the 5th over - 3 run(s), 3 hit(s), 0 error(s), 2 left on base; Overland Park HS 2 - John Jay HS 7 |
TOP OF THE 6TH |
Overland Park HS Triplets batting - Pitching for John Jay HS Patriots : RHP Dusty Smith
|
Batting: RHB Simon Plante
|
0-0: Ball 1-0: Called Strike 1-1: SINGLE (Flyball, 89S)
|
Batting: RHB T.J. Kaufman
|
0-0: Ball 1-0: Called Strike 1-1: Foul Ball, location: 2F 1-2: Ball 2-2: Strikes out swinging Simon Plante steals 2nd base Batter strikes out.
|
Pitching: RHP Adam O'Herlihy
|
|
Batting: RHB Ben Simpson
|
0-0: Ball 1-0: Foul Ball, location: 2F 1-1: Ground out 6-3 (Groundball, 6) Simon Plante to third
|
Batting: RHB Lorne McClain
|
0-0: Called Strike 0-1: Fly out, F8 (Flyball, 8RM)
|
Top of the 6th over - 0 run(s), 1 hit(s), 0 error(s), 1 left on base; Overland Park HS 2 - John Jay HS 7 |
BOTTOM OF THE 6TH |
John Jay HS Patriots batting - Pitching for Overland Park HS Triplets : RHP Will Shelley
|
Batting: RHB Esteban Concepción
|
0-0: Called Strike 0-1: Swinging Strike 0-2: Foul Ball, location: 2F 0-2: Ball 1-2: Ground out 4-3 (Groundball, 4)
|
Batting: RHB Micheal Banks
|
0-0: Called Strike 0-1: Hit by Pitch
|
Batting: RHB Marlon Hernández
|
0-0: Swinging Strike 0-1: Foul Ball, location: 2F 0-2: SINGLE (Flyball, 78S) Micheal Banks to second
|
Batting: RHB Jason Taylor
|
0-0: Fly out, F7 (Flyball, 78D)
|
Batting: RHB Robert Porter
|
0-0: Called Strike 0-1: Foul Ball, location: 2F 0-2: Ball 1-2: DOUBLE (Line Drive, 8LM) Micheal Banks scores Marlon Hernández to third Runner from 3rd tries for Home, SAFE, no throw or cutoff
|
Batting: LHB Tim Griffith
|
0-0: Called Strike 0-1: Fly out, F5 (Popup, 5SF)
|
Bottom of the 6th over - 2 run(s), 2 hit(s), 0 error(s), 1 left on base; Overland Park HS 2 - John Jay HS 9 |
TOP OF THE 7TH |
Overland Park HS Triplets batting - Pitching for John Jay HS Patriots : RHP Adam O'Herlihy
|
Batting: RHB Nicolas Fillion
|
0-0: Called Strike 0-1: Fly out, F7 (Line Drive, 7M)
|
Batting: RHB Preston Church
|
0-0: Called Strike 0-1: Ball 1-1: Ball 2-1: Swinging Strike 2-2: Strikes out swinging
|
Batting: RHB Felipe Berrios
|
0-0: Swinging Strike 0-1: Fly out, F4 (Popup, 4)
|
Top of the 7th over - 0 run(s), 0 hit(s), 0 error(s), 0 left on base; Overland Park HS 2 - John Jay HS 9 |
BOTTOM OF THE 7TH |
John Jay HS Patriots batting - Pitching for Overland Park HS Triplets : RHP Will Shelley
|
Batting: SHB Karl Webster
|
0-0: Ball 1-0: Ball 2-0: Ball 3-0: Called Strike 3-1: Base on Balls
|
Batting: SHB Theodore Cook
|
0-0: Bunted foul 0-1: Ball 1-1: Bunted foul 1-2: Fly out, F9 (Flyball, 89M)
|
Pitching: RHP Eric Klein
|
|
Batting: RHB Carlos Salas
|
0-0: Ball 1-0: Foul Ball, location: 2F 1-1: SINGLE (Flyball, 78S) Karl Webster to second
|
Batting: RHB Esteban Concepción
|
0-0: Ball 1-0: Ball 2-0: Ball 3-0: Called Strike 3-1: Foul Ball, location: 2F 3-2: Foul Ball, location: 2F 3-2: Foul Ball, location: 2F 3-2: SINGLE (Line Drive, 56) Karl Webster to third Carlos Salas to second Runner from 3rd tries for Home, SAFE, no throw or cutoff
|
Batting: RHB Micheal Banks
|
0-0: Fly out, F2 (Popup, 2LF)
|
Batting: RHB Marlon Hernández
|
0-0: Called Strike 0-1: Ball 1-1: SINGLE (Groundball, 34D) Carlos Salas to third Esteban Concepción to second Runner from 3rd tries for Home, SAFE, no throw or cutoff
|
Batting: RHB Jason Taylor
|
0-0: DOUBLE (Line Drive, 7LM) Esteban Concepción scores Marlon Hernández to third
|
Batting: RHB Robert Porter
|
0-0: DOUBLE (Line Drive, 78M) Marlon Hernández scores Jason Taylor scores
|
Pitching: RHP Ronald Crockett
|
|
Batting: LHB Tim Griffith
|
0-0: Foul Ball, location: 2F 0-1: Fly out, F6 (Line Drive, 6M)
|
Bottom of the 7th over - 5 run(s), 5 hit(s), 0 error(s), 1 left on base; Overland Park HS 2 - John Jay HS 14 |
TOP OF THE 8TH |
Overland Park HS Triplets batting - Pitching for John Jay HS Patriots : RHP Adam O'Herlihy
|
Now at C: Henry Catron
|
|
Now at 3B: Andre Keeler
|
|
Batting: LHB Jack Davis
|
0-0: Called Strike 0-1: Ball 1-1: Called Strike 1-2: Strikes out looking
|
Pitching: RHP Ken Harrell
|
|
Batting: RHB Edgardo Morales
|
0-0: Ball 1-0: SINGLE (Flyball, 7LS) - OUT at second base trying to stretch hit.
|
Batting: RHB Simon Plante
|
0-0: Swinging Strike 0-1: Ball 1-1: Fly out, F5 (Popup, 5SF)
|
Top of the 8th over - 0 run(s), 1 hit(s), 0 error(s), 0 left on base; Overland Park HS 2 - John Jay HS 14 |
BOTTOM OF THE 8TH |
John Jay HS Patriots batting - Pitching for Overland Park HS Triplets : RHP Ronald Crockett
|
Batting: SHB Karl Webster
|
0-0: Called Strike 0-1: Foul Ball, location: 2F 0-2: Foul Ball, location: 2F 0-2: Ball 1-2: Ball 2-2: SINGLE (Flyball, 89S)
|
Batting: SHB Theodore Cook
|
0-0: Bunt - Flyout! F1
|
Batting: RHB Carlos Salas
|
0-0: Called Strike 0-1: Foul Ball, location: 2F 0-2: Strikes out swinging
|
Batting: RHB Esteban Concepción
|
0-0: Called Strike 0-1: Swinging Strike 0-2: Ball 1-2: Strikes out looking
|
Bottom of the 8th over - 0 run(s), 1 hit(s), 0 error(s), 1 left on base; Overland Park HS 2 - John Jay HS 14 |
TOP OF THE 9TH |
Overland Park HS Triplets batting - Pitching for John Jay HS Patriots : RHP Ken Harrell
|
Batting: RHB T.J. Kaufman
|
0-0: Fly out, F6 (Popup, 6S)
|
Batting: RHB Ben Simpson
|
0-0: Ball 1-0: Ball 2-0: Bunt for hit - play at first, batter OUT! 2-3
|
Batting: RHB Lorne McClain
|
0-0: Called Strike 0-1: Foul Ball, location: 2F 0-2: Ball 1-2: Ball 2-2: Ball 3-2: Strikes out swinging
|
Top of the 9th over - 0 run(s), 0 hit(s), 0 error(s), 0 left on base; Overland Park HS 2 - John Jay HS 14 |
|